[Event "40th Cappelle Open 2024"]
[Site "Cappelle-la-Grande"]
[Date "2024.03.08"]
[Round "9.18"]
[White "Enchev, Ivajlo"]
[Black "Midy, Robin"]
[Result "1/2-1/2"]
[ECO "E05"]
[WhiteElo "2425"]
[BlackElo "2151"]
[Annotator "TA"]
[PlyCount "140"]
[EventDate "2024.03.02"]
[EventType "swiss"]
[EventCountry "FRA"]
[SourceTitle "playchess.com"]
[Source "ChessBase"]
[SourceQuality "1"]
[TimeControl "40/5400+30:1800+30"]

1. d4 d5 2. Nf3 Nf6 3. c4 e6 4. g3 Be7 5. Bg2 O-O 6. O-O dxc4 7. Qc2 b5 8. a4 b4 9. Nfd2 (9. Qxc4 Ba6 10. Qc2 Nbd7 $15) 9... Nd5 10. Nxc4 {[%emt 0:01:14] White has an edge.} (10. Qxc4 Ba6 11. Qc2 c5 $17 (11... Bxe2 12. Re1 $17)) 10... c5 11. e4 Nb6 12. e5 {[%emt 0:02:52] And now Nxb6 would win.} Nxc4 13. Bxa8 Ba6 14. dxc5 ({White should play} 14. Be4 $15) 14... Nd7 (14... Nxe5 $17 {[%cal Oa6d3] White must now prevent ...Bd3!} 15. Rd1 Bd3) 15. Bg2 $15 Bxc5 (15... Ncxe5 $17 16. Rd1 Bxc5) 16. Rd1 (16. Bf4 $11) 16... Qe7 (16... Ncxe5 $142 {aiming for ...Qc8.} 17. Qe4 Qf6) 17. b3 $17 Ncxe5 18. Bb2 Ng4 {[%emt 0:00:00] Excellent horsemanship.} 19. Bd4 $1 (19. Rxd7 $2 Qxd7 20. Nc3 Bd3 $19 (20... bxc3 $2 21. Qxc3 Bxf2+ 22. Kh1 $19) (20... Bxf2+ $2 21. Kh1 $19)) 19... Bxd4 (19... Rc8 $1 $17 {Strongly threatening ...Bxd4.} 20. Qe4 f5) 20. Rxd4 $11 Qf6 (20... Rc8 $11 21. Qd1 Qf6 22. Rxd7 (22. Qxg4 $2 Rc1+ 23. Rd1 Ne5 $19) 22... Nxf2) 21. Rxd7 $14 Qxa1 22. Rxa7 Be2 23. Qxe2 $18 Qxb1+ 24. Bf1 h5 25. h3 Nf6 26. Qd3 Qe1 27. Rb7 h4 28. gxh4 Ra8 29. Qe3 Qc3 30. Bc4 Rd8 31. Kg2 {[%emt 0:01:53] a5 is the strong threat.} Rd2 (31... Rd1 $142) 32. Qf3 (32. Qf4 $142) 32... Qe5 33. Rb5 $36 {[%emt 0:00:56][%mdl 2048] White is really pushing.} Qc3 $2 (33... Qd6 $16 34. Ra5 Kf8) 34. a5 Ra2 35. h5 (35. Rb8+ $142 Kh7 36. Bd3+ g6 37. h5 Rxa5 38. hxg6+ Kg7 39. Qg3) 35... Qxf3+ $2 (35... Nd7 {keeps fighting.} 36. Qf4 Qe1) 36. Kxf3 {[%emt 0:00:08][%mdl 4096] Endgame. KRB-KRN} Kh7 37. Ke3 (37. Rxb4 Rxa5 38. Rb7 Rf5+ 39. Ke3 Nd5+ 40. Bxd5 Rxd5 $11) 37... Ne8 38. Bd3+ (38. Rxb4 Rxa5 39. Bd3+ Kh6 $16) 38... Kh6 39. Kd4 (39. Rxb4 Rxa5 40. Rb8 Nc7 $16) 39... Nd6 40. Rb6 (40. Rxb4 Rxa5 41. Be2 Rf5 $11) 40... Nc8 41. Rb8 (41. Rxb4 Rxa5 42. Rb5 Ra6 $14) 41... Ne7 42. Rh8+ (42. Rxb4 Rxa5 (42... Nc6+ 43. Kc3 $14) 43. Rb5 Rxb5 44. Bxb5 Kxh5) 42... Kg5 43. a6 Ra5 44. Rh7 ({Better is} 44. Ra8 $18) 44... Kf6 $16 45. h6 gxh6 46. Rxh6+ Kg7 47. Rh7+ Kg8 48. Rh4 $1 f5 (48... Kg7 $142 49. Rg4+ Kh8) 49. Rh6 $1 $18 Kf7 50. Rh7+ Kf6 51. f4 Nd5 52. Rb7 {[%emt 0:02:06] Hoping for Rb5.} Nxf4 53. Bb5 (53. Rxb4 $2 {perishes.} e5+ (53... Nxh3 $2 54. Ra4 $18) 54. Kc3 Nd5+ 55. Kc4 Nxb4 56. Kxb4 Ra2 $19) 53... Nd5 {[%emt 0:00:29] [#]} 54. h4 ({Less strong is} 54. Kc5 f4 $16) (54. a7 $1 $18) 54... f4 $16 {[%emt 0:00:29][%cal Bf5f4,Bf4f3][%mdl 32] [#]} 55. Bd3 (55. Bc4 $142 $1) 55... f3 56. Ke4 {[%emt 0:01:20] White is more active.} f2 57. h5 Kg5 58. Rf7 Kxh5 59. Rxf2 Nc7 60. Kd4 (60. Kf4 $14 Nd5+ 61. Ke5 Nc7+ 62. Kd6 Nxa6 63. Kc6 (63. Kxe6 $2 {is the wrong capture.} Nc5+ 64. Kd6 Nxd3 $19)) 60... Nxa6 $11 {[%emt 0:00:25] The position is equal.} 61. Bxa6 Rxa6 {[%emt 0:00:00] KR-KR} 62. Kc5 Kg5 63. Kxb4 e5 64. Kc5 Ra5+ 65. Kb6 Ra3 66. b4 e4 67. b5 e3 68. Rb2 Kf4 69. Kb7 Rd3 70. b6 Ke5 {[%emt 0:01:05] Black defended with fortune.   Weighted Error Value: White=0.28 (precise) /Black=0.31.  Loses game:     	---       	Black=2      Missed win:     	White=1     	---        Mistake:       	White=7     	Black=8      Inaccurate:     	White=3     	Black=3      OK:         	White=29    	Black=26     Best:        	White=7     	Black=10     Strong:       	White=3     	---} 1/2-1/2